 Dungeon Crawl Stone Soup version 0.26.1-11-gd32895ea62 (webtiles) character file.

Game seed: 8362570909147012487

26 infcreate the Grave Robber (level 2, 16/16 HPs)
             Began as a Vampire Necromancer on June 28, 2021.
             Quit the game on level 1 of the Dungeon.
             The game lasted 00:04:11 (795 turns).

infcreate the Grave Robber (Vampire Necromancer)     Turns: 795, Time: 00:04:11

Health: 16/16      AC:  2    Str:  7    XL:     2   Next: 89%
Magic:  5/5        EV: 13    Int: 17    God:
Gold:   67         SH:  0    Dex: 14    Spells: 3/5 levels left

rFire    . . .     SeeInvis +   h - +0 dagger
rCold    + + .     Faith    .   (no shield)
rNeg     + + +     Spirit   .   a - +0 robe
rPois    ∞         Reflect  .   (no helmet)
rElec    .         Harm     .   (no cloak)
rCorr    .         Rampage  .   (no gloves)
Will     .....                  (no boots)
Stlth    ++++......             (no amulet)
HPRegen  0.05/turn              (no ring)
MPRegen  0.09/turn              (no ring)

@: bloodless
A: fangs 3, see invisible, unbreathing
a: Revivify


You were on level 1 of the Dungeon.
You visited 1 branch of the dungeon, and saw 1 of its levels.

You collected 67 gold pieces.


Innate Abilities, Weirdness & Mutations

You do not regenerate when monsters are visible.
You are frail without blood (-20% HP).
You can heal yourself when you bite living creatures.
You are immune to poison.
You have razor-sharp teeth.
You have supernaturally acute eyesight. (SInv)
You can survive without breathing.


   Skills:
 + Level 0.4 Fighting
 * Level 1.0 Short Blades
 * Level 2.6 Dodging
 * Level 3.5 Stealth
 + Level 2.1 Spellcasting
 * Level 4.6 Necromancy


You had 3 spell levels left.
You knew the following spells:

 Your Spells              Type           Power        Failure   Level
a - Animate Skeleton      Necr           34%          2%          1
p - Pain                  Necr           68%          2%          1

Your spell library contained the following spells:

 Spells                   Type           Power        Failure   Level
 Vampiric Draining        Necr           8%           9%          3
 Animate Dead             Necr           8%           28%         4
 Agony                    Necr           17%          61%         5

Inventory:

Hand Weapons
 h - a +0 dagger (weapon)
Armour
 a - a +0 robe (worn)
 g - a +0 buckler
Jewellery
 d - a cursed amulet of inaccuracy {unknown}
Scrolls
 c - a scroll of noise {unknown}
 e - 3 scrolls of identify {unknown}
Potions
 b - a potion of flight {unknown}
 f - a potion of curing {unknown}
 i - a potion of heal wounds {unknown}
 j - a potion of attraction {unknown}

Dungeon Overview and Level Annotations

Branches:
Dungeon (1/15)

Altars:

#. #.# #..## .#.### #....
#.(# ##..##### ####
###....@..# #...
#.......#.# #.## ###
#.#...#.# # #.## ..#
###.#....... #.#.
#.######.....#.#.#.##.###
#.#.
#..........#.#..........#
#...
########.#.........##....
###. #.#.#.########...#
#.. #.#.#.# #...# #..


There were no monsters in sight!


Message History

The goblin barely resists.
The goblin writhes in agony.
You kill the goblin!
Your Short Blades skill increases to level 1!
You start resting.
Magic restored.
Found a mace.
A bat comes into view.
A dart slug comes into view.
Found a club.
The bat hits you. The bat closely misses you. The dart slug bites you.
The dart slug writhes in agony.
The bat closely misses you.
The dart slug bites you but does no damage.
The bat hits you.
The dart slug writhes in agony!
You kill the dart slug!
The bat hits you but does no damage.
The bat writhes in agony.
You kill the bat!
You can't see any susceptible monsters within range! (Use Z to cast anyway.)
You start resting.
Magic restored.
HP restored.
Found 12 gold pieces.
You now have 61 gold pieces (gained 12).
Found 6 gold pieces.
Found 14 stones.
You now have 67 gold pieces (gained 6).
Are you sure you want to abandon this character and quit the game? (Confirm with "yes".)

Skill      XL: |  1  2 |
---------------+-------+-----
Short Blades   | 1 |  1.0
Fighting       | |  0.4
Dodging        | |  2.6
Stealth        | |  3.5
Spellcasting   | |  2.1
Necromancy     | |  4.6

Action                   || total
-------------------------++-------
Melee: Unarmed           ||     1
       Bite              ||     1
 Cast: Pain              ||    33
 Abil: Exsanguinate      ||     1
Armor: Robe              ||     2
Dodge: Dodged            ||     4

Levels and vault maps discovered:
D:1:      psy_arrival_conway, layout_loops_cross, minmay_tetromino_t4

Notes
Turn   | Place    | Note
-------+----------+-------------------------------------------
     0 | D:1      | infcreate the Vampire Necromancer began the quest for the
                  | Orb.
     0 | D:1      | Reached XP level 1. HP: 13/13 MP: 3/3
   118 | D:1      | Learned a level 1 spell: Animate Skeleton
   331 | D:1      | Reached XP level 2. HP: 15/15 MP: 0/5
   622 | D:1      | Reached skill level 1 in Short Blades
   795 | D:1      | Quit the game

Vanquished Creatures
  A dart slug (D:1)
  2 bats (D:1)
  2 giant cockroaches (D:1)
  5 goblins (D:1)
  3 hobgoblins (D:1)
  A ball python (D:1)
  3 frilled lizards (D:1)
  3 kobolds (D:1)
  3 rats (D:1)
23 creatures vanquished.

Table legend: (Time is in decaauts)
 A = Elapsed time spent in this place.
 B = Non-inter-level travel time spent in this place.
 C = Inter-level travel time spent in this place.
 D = Time resting spent in this place.
 E = Time spent auto-exploring this place.
 F = Levels seen in this place.
 G = Mean time per level.
                   A        B        C        D        E       F      G
               +--------+--------+--------+--------+--------+-----+--------+
         Total |    798 |    798 |      0 |    376 |      0 |   1 |  798.0 |
       Dungeon |    798 |    798 |      0 |    376 |      0 |   1 |  798.0 |
               +--------+--------+--------+--------+--------+-----+--------+

Top non-repeatable levels by time:
     D:1: 798 daAuts

Table legend:
 A = Non-vault XP
 B = Vault XP
 C = Vault XP percentage of total XP
 D = Non-vault monster count
 E = Vault monster count
 F = Vault count percentage of total count
                 A         B        C        D         E       F
            +---------+---------+-------+---------+---------+-------
      Total |      33 |       5 |  13.2 |      19 |       4 |  17.4
            +---------+---------+-------+---------+---------+-------
        D:1 |      33 |       5 |  13.2 |      19 |       4 |  17.4
            +---------+---------+-------+---------+---------+-------
